Map: Green Acres

Players

A.I. 5 (Medium)

  • Race: Protoss Protoss
  • Spawn Location: 3:00

A.I. 4 (Medium)

  • Race: Terran Terran
  • Spawn Location: 1:00

A.I. 3 (Medium)

  • Race: Protoss Protoss
  • Spawn Location: 12:00

Lunarbears - Winner!

  • Race: Terran Terran
  • Spawn Location: 7:00

wasp - Winner!

  • Race: Protoss Protoss
  • Spawn Location: 6:00

larsgj - Winner!

  • Race: Terran Terran
  • Spawn Location: 9:00

VOD

Have the link to the VOD?

Description

Time

  • Played on: May 16, 2020, 2:55 p.m.
  • Length: 29:20
Show
View Real Time Build Order
Export as new Build Order

A.I. 5 (Medium) Protoss 

Build Orders:  

Get SALT Encoding   

  12  0:01  Probe  
  13  0:13  Probe  
  14  0:20  Pylon  
  14  0:25  Probe  
  15  0:34  Probe  
  15  0:42  Probe  
  16  0:48  Assimilator  
  17  0:51  Gateway  
  17  0:52  Probe  
  18  1:02  Pylon  
  18  1:28  Gateway  
  18  1:32  Assimilator  
  18  1:38  Zealot  
  20  1:43  Cybernetics Core  
  20  1:59  Zealot  
  22  2:16  Pylon  
  22  2:20  Stalker, Warp Gate  
  24  2:32  Probe  
  24  2:36  Stalker  
  27  2:44  Probe  
  27  2:49  Stalker  
  28  2:52  Pylon  
  28  2:56  Probe  
  31  3:08  Probe, Forge  
  31  3:09  Stalker  
  34  3:21  Probe  
  35  3:33  Probe  
  36  4:18  Probe  
  36  5:29  Probe  
  36  5:33  Sentry  
  39  5:35  Pylon  
  39  5:37  Photon Cannon  
  39  5:39  Photon Cannon  
  39  5:42  Robotics Facility  
  39  5:44  Stargate  
  39  5:45  Adept  
  39  5:48  Twilight Council  
  41  5:51  Gateway  
  41  5:55  Forge  
  41  5:58  Stalker  
  41  5:59  Pylon  
  41  6:11  Sentry  
  33  6:24  Adept  
  35  6:28  Nexus  
  35  6:30  Observer  
  36  6:37  Stalker  
  38  6:50  Stalker  
  38  6:52  Observer  
  41  7:03  Stalker  
  43  7:16  Zealot  
  45  7:29  Zealot  
  47  7:40  Probe  
  47  7:42  Stalker  
  47  7:43  Probe, Assimilator  
  51  7:53  Probe  
  51  7:55  Probe  
  51  7:56  Pylon  
  51  7:58  Pylon  
  53  8:00  Assimilator  
  53  8:05  Probe  
  54  8:08  Probe  
  55  8:17  Probe  
  56  8:20  Probe, Photon Cannon  
  56  8:24  Photon Cannon  
  57  8:27  Probe  
  57  8:32  Probe  
  59  8:35  Probe  
  59  8:40  Probe  
  60  8:43  Probe  
  60  8:48  Probe  
  62  8:55  Probe  
  63  8:58  Probe  
  65  9:07  Probe  
  66  9:10  Probe  
  67  9:19  Probe  
  67  9:21  Probe  
  69  9:31  Probe  
  70  9:56  Immortal  
  70  9:57  Stalker x2  
  70  10:01  Protoss Ground Weapons Level 1  
  70  10:05  Gateway  
  74  10:08  Robotics Facility  
  74  10:11  Protoss Ground Armor Level 1  
  74  10:12  Stargate, Zealot  
  76  10:17  Pylon  
  76  10:19  Templar Archives  
  76  10:22  Dark Shrine  
  76  10:27  Fleet Beacon  
  70  10:30  Adept  
  70  10:31  Robotics Bay  
  70  10:32  Warp Prism  
  60  10:39  Stalker  
  60  10:47  Zealot  
  62  10:54  Warp Prism  
  62  10:56  Zealot  
  66  11:05  Sentry  
  66  11:09  Observer  
  69  11:13  Stalker  
  71  11:19  Gravitic Drive  
  71  11:22  Stalker  
  73  11:26  Immortal  
  77  11:33  Nexus  
  77  12:06  Gravitic Boosters  
  77  12:46  Probe  
  77  12:49  Probe  
  77  12:50  Probe  
  81  12:58  Probe  
  81  12:59  Probe  
  81  13:01  Probe  
  83  13:07  Assimilator  
  83  13:09  Probe, Pylon  
  83  13:10  Probe  
  83  13:11  Pylon  
  85  13:15  Assimilator  
  85  13:20  Probe  
  85  13:30  Protoss Air Weapons Level 1  
  85  13:31  Protoss Ground Armor Level 2  
  85  13:32  Disruptor, Protoss Ground Weapons Level 2  
  88  13:34  Photon Cannon  
  88  13:36  Photon Cannon  
  88  13:40  Stalker  
  90  13:47  Sentry  
  94  14:00  Void Ray  
  94  14:02  Disruptor  
  87  14:09  Carrier  
  81  14:16  Sentry  
  83  14:24  Zealot  
  85  14:31  Stalker  
  87  14:38  Zealot  
  89  14:45  Stalker  
  89  14:46  Observer  
  91  14:53  Zealot  
  93  15:00  Stalker  
  95  15:08  Adept  
  97  15:16  Protoss Air Armor Level 1  
  97  15:54  Protoss Shields Level 1  
  97  16:01  Protoss Ground Armor Level 3  
  97  17:10  High Templar  
  97  17:15  Protoss Air Weapons Level 2  
  103  17:23  Void Ray  
  103  17:25  High Templar  
  105  17:33  High Templar, Archon  
  107  17:41  High Templar  
  107  17:43  Protoss Ground Weapons Level 3  
  109  17:49  High Templar, Archon  
  111  17:57  High Templar  
  113  18:05  Archon  
  113  18:06  Dark Templar  
  115  18:22  Zealot  
  105  18:29  Zealot  
  83  18:36  Sentry  
  85  18:44  Stalker  
  85  18:47  Protoss Shields Level 2  
  87  18:51  Sentry  
  89  18:58  Stalker  
  91  19:05  Stalker  
  91  19:09  Void Ray  
  97  19:20  Dark Templar  
  99  19:27  Archon  
  99  19:28  Dark Templar  
  101  19:35  Dark Templar  
  103  19:38  Protoss Air Armor Level 2  
  103  19:43  Archon  
  103  20:41  Observer  
  103  20:44  Stalker  
  103  20:49  Disruptor  
  108  20:53  Pylon  
  108  20:55  Stalker  
  110  21:02  Stalker  
  112  21:08  Stalker  
  110  21:14  Stalker  
  82  21:20  Adept  
  70  21:25  Disruptor  
  70  21:32  Tempest  
  78  21:38  Stalker  
  75  21:44  Sentry  
  72  21:50  Sentry  
  62  21:56  Stalker  
  58  22:01  Stalker  
  58  22:07  Zealot  
  61  22:14  Zealot  
  62  22:19  Stalker  
  64  22:25  Stalker  
  60  22:31  Stalker  
  60  22:35  Robotics Bay  
  54  22:38  Stalker  
  54  22:44  Probe, Stalker  
  33  22:47  Probe  
  21  22:53  Pylon  
  21  22:57  Stalker  
  20  22:59  Probe  
  20  23:03  Stalker  
  20  23:10  Zealot  
  20  23:21  Nexus  
  20  23:23  Probe  
  17  23:27  Pylon  
  17  23:35  Pylon  
  8  24:00  Pylon  
  7  24:17  Assimilator  
  7  24:19  Assimilator  
  7  24:25  Pylon  
  7  24:30  Probe  
  7  24:38  Probe  
  8  24:40  Pylon  
  8  24:48  Probe  
  9  24:57  Pylon  
  9  24:58  Pylon  
  9  25:00  Probe  
  10  25:12  Probe  
  11  25:22  Gateway  
  11  25:24  Probe  
  12  25:32  Probe  
  11  25:40  Probe  
  13  25:51  Probe  
  13  26:03  Probe  
  14  26:11  Gateway  
  14  26:15  Gateway  
  14  26:19  Pylon  
  14  26:23  Forge  
Show
View Real Time Build Order
Export as new Build Order

A.I. 4 (Medium) Terran 

Build Orders:  

Get SALT Encoding   

  12  0:01  SCV  
  13  0:13  SCV  
  14  0:19  Supply Depot  
  14  0:25  SCV  
  15  0:41  SCV  
  16  0:44  Barracks  
  16  0:49  Refinery  
  16  0:53  SCV  
  17  1:05  SCV  
  18  1:18  Supply Depot  
  18  1:31  Marine  
  19  1:33  Orbital Command, Barracks  
  19  1:42  Refinery  
  19  1:50  Barracks Tech Lab  
  19  2:07  Marine  
  20  2:10  Supply Depot  
  20  2:25  Marine  
  20  2:28  Marine  
  22  2:31  SCV  
  23  2:43  SCV  
  23  2:44  Marauder  
  26  2:46  Marine  
  26  2:47  Supply Depot  
  27  2:55  SCV  
  27  2:56  Engineering Bay  
  28  3:04  Marine  
  29  3:07  SCV  
  29  3:08  Marauder  
  32  3:19  SCV  
  33  3:29  Marauder  
  33  3:32  SCV  
  36  5:06  Barracks Tech Lab  
  36  5:07  SCV, Marine  
  36  5:09  Factory  
  36  5:12  Factory  
  38  5:14  Supply Depot  
  38  5:16  Missile Turret  
  38  5:18  Missile Turret  
  38  5:22  Ghost Academy  
  38  5:25  Barracks, Marine  
  38  5:28  Sensor Tower  
  39  5:30  Marauder  
  41  5:38  Bunker  
  41  5:45  Marine  
  32  5:52  Armory  
  32  5:56  Marine  
  31  5:57  Starport, Factory Tech Lab x2  
  31  6:02  Command Center  
  31  6:06  Marine  
  32  6:15  Barracks Reactor  
  32  6:16  Marine  
  33  6:26  Marine  
  34  6:33  Starport Tech Lab  
  34  6:36  Marine  
  37  6:47  Marauder  
  39  6:57  Marauder  
  39  7:01  Raven  
  43  7:08  Marauder  
  44  7:15  SCV  
  44  7:17  Refinery, Ghost  
  44  7:19  SCV  
  47  7:27  SCV  
  47  7:29  Missile Turret  
  48  7:31  SCV, Missile Turret  
  48  7:35  Refinery  
  51  7:39  SCV  
  51  7:43  SCV  
  51  7:44  Raven  
  53  7:52  SCV  
  53  7:53  Bunker  
  53  7:55  SCV  
  55  8:04  SCV  
  56  8:07  SCV  
  57  8:16  SCV  
  57  8:19  SCV  
  59  8:28  SCV  
  59  8:32  SCV  
  61  8:40  SCV  
  62  8:44  SCV  
  62  8:47  Supply Depot  
  63  8:52  SCV  
  64  8:56  SCV  
  65  9:04  SCV  
  65  9:08  SCV  
  67  9:16  SCV  
  68  9:19  Reaper  
  68  9:20  Stimpack, SCV, Medivac  
  68  9:22  Combat Shield  
  68  9:24  Starport  
  72  9:27  Siege Tank, Supply Depot  
  75  9:33  Terran Infantry Weapons Level 1  
  75  9:42  Marine  
  64  9:45  Engineering Bay  
  64  9:49  Marine  
  64  9:51  Supply Depot  
  61  9:57  Marine  
  61  9:59  Raven, Starport Tech Lab  
  62  10:04  Marine  
  63  10:11  Marine, Terran Infantry Armor Level 1  
  63  10:12  Fusion Core  
  64  10:16  Supply Depot  
  64  10:17  Medivac  
  64  10:19  Marine  
  67  10:23  Armory  
  67  10:26  Marine  
  68  10:33  Marine  
  69  10:40  Reaper  
  69  10:41  Concussive Shells  
  70  10:44  Supply Depot  
  70  10:48  Marauder  
  72  10:56  Viking  
  74  11:03  Command Center  
  74  11:04  Siege Tank  
  80  11:11  Siege Tank  
  80  11:18  Viking  
  82  11:26  Marauder  
  84  11:33  Marauder  
  86  11:41  Cyclone  
  89  11:48  Marauder  
  91  12:16  SCV  
  91  12:19  SCV  
  91  12:22  SCV  
  94  12:28  SCV  
  95  12:31  SCV  
  95  12:34  SCV  
  97  12:39  Refinery  
  97  12:40  SCV  
  97  12:42  Missile Turret  
  98  12:46  Missile Turret  
  98  12:48  Refinery  
  98  13:07  Bunker  
  98  13:45  Banshee  
  98  13:47  Terran Ship Weapons Level 1  
  98  13:48  Terran Vehicle And Ship Armor Level 1  
  101  13:49  Terran Infantry Weapons Level 2, Hi-Sec Auto Tracking, Supply Depot  
  101  13:53  Banshee  
  104  14:15  Supply Depot  
  72  14:28  Banshee  
  63  14:36  Banshee  
  66  15:11  Medivac  
  68  15:15  Hyperflight Rotors  
  68  15:17  Terran Infantry Armor Level 2  
  68  15:19  Viking  
  70  15:41  Viking  
  72  15:45  Terran Ship Weapons Level 2  
  72  15:46  Terran Vehicle And Ship Armor Level 2  
  72  15:49  Viking  
  74  16:11  Viking  
  76  16:19  Viking  
  77  16:41  Banshee  
  80  16:49  Liberator  
  67  17:23  Marine  
  67  17:24  Viking  
  67  17:27  Marine  
  71  17:30  Marine, Command Center  
  71  17:33  Marine, Supply Depot  
  71  17:34  Terran Infantry Weapons Level 3  
  71  17:35  Terran Infantry Armor Level 3  
  75  17:41  Raven, Marine  
  76  17:45  Marauder  
  76  17:47  Marine  
  76  17:50  Siege Tank  
  76  17:51  Marine  
  85  17:59  Marine, Siege Tank  
  85  18:01  Terran Vehicle Weapons Level 1  
  85  18:02  Supply Depot  
  85  18:03  Raven  
  85  18:04  Terran Ship Weapons Level 3  
  89  18:06  Marine x2  
  89  18:09  Marine  
  92  18:15  Medivac  
  92  18:17  Marine  
  95  18:22  Cyclone  
  95  18:24  Marauder  
  95  18:27  Marine  
  100  18:29  Marine  
  102  18:34  Marine  
  105  18:45  Raven, Viking  
  105  18:46  Marauder, Marine  
  110  18:49  Marine  
  110  18:53  Marauder  
  113  19:04  Marine  
  113  19:05  Refinery  
  113  19:06  Marine  
  113  19:07  Marine  
  113  19:09  Missile Turret  
  116  19:12  Missile Turret  
  116  19:14  Marine  
  117  19:18  Refinery  
  117  19:21  Marine  
  118  19:24  Marine  
  119  19:32  Marauder  
  119  19:35  Bunker  
  121  19:40  SCV  
  121  19:43  Marauder  
  124  19:57  Terran Vehicle Weapons Level 2  
  124  20:53  Ghost  
  124  20:56  Ghost  
  128  21:08  Viking  
  130  21:16  Hellion  
  124  21:21  Marine  
  116  21:29  Viking  
  110  21:33  SCV  
  110  21:36  SCV  
  110  21:37  Marine  
  110  21:38  Medivac  
  110  21:39  SCV  
  106  21:41  Marine  
  106  21:43  Command Center  
  106  21:44  Marine  
  106  21:45  SCV  
  109  22:03  Refinery  
  108  22:39  Ghost  
  108  22:43  Marine  
  108  22:44  SCV  
  102  22:47  Marine  
  102  22:50  Marine  
  101  22:59  Missile Turret  
  101  23:01  Ghost  
  101  23:05  Marine  
  104  23:08  Marine x2  
  91  23:22  Bunker  
  91  23:23  Marine  
  91  23:26  Marine, Ghost  
  83  23:28  Raven  
  83  23:30  Marine  
  78  23:36  Raven  
  78  23:39  SCV  
  78  23:41  Marine  
  56  23:42  SCV  
  56  23:44  Marine  
  56  23:48  Marauder  
  57  23:54  Marine  
  58  23:58  Marine  
  58  24:01  Marine, Medivac  
  61  24:04  Hellion  
  61  24:08  Missile Turret  
  61  24:09  Marine  
  64  24:13  Marauder, Missile Turret  
  64  24:16  Marine  
  64  24:19  Raven, Marine  
  64  24:23  Siege Tank  
  64  24:28  Siege Tank  
  61  24:31  Medivac  
  61  24:35  Marine  
  56  24:42  Marauder  
  57  24:47  Marine  
  57  24:53  Marine  
  57  24:59  Marine  
  57  25:05  Marine  
  48  25:16  Marine  
  20  26:23  Supply Depot  
  14  26:47  Supply Depot  
  14  27:08  SCV  
  15  27:19  Barracks  
  15  27:20  SCV  
  15  27:21  Supply Depot  
  14  27:32  SCV  
  14  27:33  Barracks  
  13  27:44  SCV  
  13  27:46  Supply Depot  
  14  27:56  Barracks, SCV  
  15  28:07  Marine  
  15  28:08  SCV  
  16  28:20  SCV  
  16  28:25  Marine  
  17  28:32  SCV, Command Center x2  
  17  28:43  Marine x2  
  17  28:44  SCV  
  20  28:51  Supply Depot  
  18  28:57  Barracks  
  18  29:01  Marine  
  19  29:09  Ghost Academy  
  12  29:18  Supply Depot  
Show
View Real Time Build Order
Export as new Build Order

A.I. 3 (Medium) Protoss 

Build Orders:  

Get SALT Encoding   

  12  0:01  Probe  
  13  0:13  Probe  
  14  0:20  Pylon  
  14  0:25  Probe  
  15  0:34  Probe  
  15  0:42  Probe  
  16  0:47  Assimilator  
  17  0:50  Gateway  
  17  0:52  Probe  
  18  1:01  Pylon  
  18  1:29  Gateway  
  18  1:34  Assimilator  
  18  1:40  Cybernetics Core  
  18  1:44  Zealot  
  20  2:03  Pylon, Zealot  
  22  2:16  Warp Gate  
  22  2:22  Adept  
  24  2:35  Adept  
  26  2:48  Probe, Adept  
  27  2:54  Pylon  
  29  3:00  Probe  
  29  3:05  Adept  
  32  3:12  Stalker  
  32  3:13  Probe, Forge  
  35  3:25  Probe  
  36  3:35  Adept  
  36  3:37  Probe  
  39  3:49  Probe  
  40  4:19  Probe  
  40  5:22  Stalker  
  40  5:23  Probe  
  43  5:32  Pylon  
  43  5:34  Photon Cannon  
  43  5:36  Photon Cannon, Sentry  
  43  5:38  Robotics Facility  
  43  5:39  Stargate  
  45  5:43  Twilight Council  
  45  5:45  Gateway  
  45  5:47  Forge  
  45  5:49  Stalker  
  47  5:54  Pylon  
  47  6:03  Stalker  
  33  6:17  Sentry  
  35  6:27  Observer  
  35  6:31  Sentry  
  38  6:44  Zealot  
  40  6:48  Observer  
  41  6:58  Adept  
  41  6:59  Nexus  
  43  7:11  Zealot  
  45  7:25  Adept  
  47  7:39  Stalker  
  49  8:09  Probe  
  49  8:16  Probe  
  49  8:17  Probe  
  51  8:26  Probe  
  52  8:28  Probe  
  52  8:34  Probe  
  54  8:40  Probe  
  56  8:43  Assimilator  
  56  8:45  Probe, Pylon  
  56  8:46  Pylon  
  57  8:49  Assimilator  
  57  8:52  Probe  
  58  8:57  Probe  
  59  9:04  Probe  
  59  9:08  Probe  
  59  9:09  Photon Cannon  
  61  9:10  Photon Cannon  
  61  9:16  Probe x2  
  63  9:25  Probe x2  
  65  9:34  Probe  
  65  9:36  Probe  
  67  9:43  Probe  
  67  9:48  Probe  
  67  9:52  Warp Prism  
  69  9:59  Gateway  
  75  10:02  Templar Archives  
  75  10:03  Void Ray  
  75  10:04  Protoss Ground Weapons Level 1  
  75  10:05  Protoss Ground Armor Level 1  
  75  10:06  Robotics Facility  
  75  10:09  Robotics Bay  
  75  10:11  Stargate  
  75  10:13  Dark Shrine  
  75  10:21  Observer  
  75  10:23  Zealot  
  70  10:34  Fleet Beacon  
  60  10:36  Zealot, Observer  
  58  10:49  Stalker  
  60  10:50  Warp Prism  
  60  10:51  Gravitic Drive  
  62  11:02  Stalker  
  64  11:15  High Templar  
  66  11:29  High Templar  
  68  11:38  Gravitic Boosters  
  68  11:42  High Templar, Archon  
  70  11:51  Nexus  
  70  11:55  High Templar  
  72  12:08  High Templar, Archon  
  74  12:21  High Templar  
  76  12:34  Archon  
  76  13:00  Probe  
  77  13:07  Probe  
  77  13:08  Probe  
  77  13:10  Probe  
  80  13:18  Probe  
  80  13:19  Probe, Assimilator  
  81  13:20  Pylon  
  81  13:21  Probe  
  81  13:23  Pylon  
  81  13:25  Assimilator  
  83  13:31  Probe  
  83  13:33  Probe  
  85  13:42  Sentry  
  85  13:43  Immortal  
  87  13:48  Photon Cannon  
  87  13:49  Photon Cannon  
  87  13:52  Protoss Ground Weapons Level 2  
  87  13:53  Protoss Ground Armor Level 2  
  91  13:58  Stalker  
  93  14:06  Sentry  
  85  14:15  Immortal  
  73  14:20  Observer  
  73  14:23  Zealot  
  76  14:31  Zealot  
  78  14:39  Dark Templar  
  78  14:41  Observer  
  81  14:47  Dark Templar  
  81  14:52  Protoss Air Weapons Level 1  
  83  14:55  Stalker  
  85  15:03  Stalker  
  87  15:11  Archon  
  87  15:12  Dark Templar  
  89  15:20  Dark Templar  
  91  15:28  Dark Templar, Archon  
  93  15:37  Dark Templar  
  95  15:45  Dark Templar, Archon  
  97  15:53  Dark Templar  
  99  16:01  Archon  
  99  16:09  Protoss Ground Weapons Level 3  
  99  16:15  Protoss Shields Level 1  
  99  16:34  Stalker  
  91  16:40  Protoss Air Armor Level 1  
  91  16:42  Stalker  
  83  16:50  Stalker  
  75  16:57  Zealot  
  73  17:05  Zealot  
  63  17:12  Zealot  
  62  17:19  Zealot  
  62  17:25  Dark Templar  
  62  17:29  Photon Cannon  
  64  17:31  Dark Templar  
  64  17:34  Photon Cannon  
  66  17:38  Stalker  
  68  17:44  Sentry  
  68  17:50  Disruptor  
  73  17:57  Disruptor  
  76  18:03  Tempest  
  81  18:06  Protoss Ground Armor Level 3  
  81  18:09  Dark Templar, Archon  
  83  18:15  Stalker  
  85  18:20  Stalker  
  85  18:26  Sentry  
  89  18:30  Void Ray  
  89  18:40  Stalker  
  95  18:46  Zealot, Protoss Shields Level 2  
  97  18:51  Adept  
  97  18:52  Protoss Air Weapons Level 2  
  99  20:44  Void Ray  
  99  20:45  Dark Templar  
  101  20:51  Void Ray  
  105  20:58  Void Ray  
  105  21:00  Stalker  
  105  21:03  Protoss Shields Level 3  
  104  21:08  Zealot  
  104  21:17  Zealot  
  104  21:27  Pylon  
  104  21:32  Void Ray  
  104  21:33  Pylon  
  104  21:38  Cybernetics Core  
  104  21:41  Gateway  
  104  21:46  Robotics Bay  
  104  22:09  Pylon  
  104  22:15  Stalker  
  106  22:18  Warp Prism  
  106  22:21  Robotics Facility  
  106  22:23  Protoss Air Armor Level 2, Twilight Council, Stalker  
  108  22:33  Gateway  
  101  22:54  Warp Prism  
  101  22:56  Zealot  
  97  23:05  Zealot  
  91  23:13  Sentry  
  77  23:21  Stalker  
  79  23:29  Sentry  
  70  23:37  Stalker  
  72  23:45  Stalker  
  74  23:53  Void Ray  
  78  24:08  Zealot  
  68  24:23  Zealot  
  62  24:24  Stargate  
  62  24:26  Pylon  
  62  24:30  Zealot  
  56  24:44  Robotics Facility  
  50  25:24  Pylon  
  50  25:28  Forge  
  50  26:12  Pylon  
  50  26:33  Photon Cannon  
  50  26:39  Pylon  
  50  26:43  Gateway  
  50  26:45  Gateway  
  50  26:48  Forge  
  50  26:52  Gateway  
  50  27:01  Pylon  
  43  27:05  Nexus  
  25  27:12  Probe  
  15  27:20  Probe  
  14  27:24  Pylon  
Show
View Real Time Build Order
Export as new Build Order

Lunarbears Terran - Winner!

Build Orders:  

Get SALT Encoding   

  12  0:04  SCV  
  13  0:16  SCV  
  13  0:19  Refinery  
  14  0:28  SCV  
  14  0:33  Supply Depot  
  15  0:54  SCV  
  15  0:55  Supply Depot  
  16  1:06  SCV  
  17  1:13  Barracks  
  17  1:18  SCV  
  17  1:19  Supply Depot  
  18  1:31  SCV  
  19  1:38  Refinery  
  19  1:43  SCV  
  20  1:55  SCV  
  21  2:02  Engineering Bay  
  21  2:03  Supply Depot  
  21  2:07  SCV  
  22  2:11  Marine  
  23  2:20  SCV  
  24  2:29  Marine  
  25  2:39  Factory  
  25  2:43  SCV  
  26  2:47  Marine  
  27  2:53  Supply Depot  
  27  3:04  Marine  
  27  3:05  Terran Infantry Weapons Level 1  
  28  3:15  SCV  
  29  3:21  Command Center  
  29  3:29  Barracks Reactor  
  29  3:34  Factory Tech Lab  
  29  4:23  Armory  
  29  4:35  Starport  
  29  5:16  SCV  
  30  5:25  Starport Tech Lab  
  30  5:28  SCV  
  30  5:31  Thor  
  37  5:40  Starport, SCV  
  38  6:05  Fusion Core  
  38  6:14  Thor  
  44  6:31  Supply Depot  
  44  6:32  Supply Depot  
  44  6:39  SCV  
  45  6:49  Terran Vehicle And Ship Armor Level 1  
  45  6:51  SCV  
  46  6:56  Starport Tech Lab  
  46  7:00  Battlecruiser  
  52  7:03  SCV  
  54  7:15  SCV  
  54  7:24  Command Center  
  54  7:27  SCV  
  55  7:35  Battlecruiser  
  61  7:39  SCV  
  61  7:44  Refinery  
  62  7:52  SCV  
  63  8:04  SCV  
  64  8:05  Supply Depot  
  64  8:10  Supply Depot  
  64  8:16  SCV  
  65  8:34  Supply Depot  
  65  8:35  Supply Depot  
  65  8:43  Terran Ship Weapons Level 1  
  65  9:03  Factory  
  65  9:13  Battlecruiser  
  71  9:20  SCV  
  72  9:32  SCV  
  73  9:44  SCV  
  74  10:14  Refinery  
  70  11:09  Battlecruiser  
  70  11:10  Battlecruiser  
  82  11:27  Refinery  
  82  11:50  Factory Tech Lab  
  82  11:58  Supply Depot  
  82  12:10  Terran Ship Weapons Level 2  
  82  12:14  Battlecruiser  
  82  12:15  Battlecruiser  
  94  12:22  Supply Depot  
  94  12:28  SCV  
  95  12:40  SCV  
  96  12:52  SCV  
  97  13:18  Battlecruiser  
  103  13:47  Command Center  
  101  14:14  Battlecruiser  
  107  14:22  Battlecruiser  
  112  14:46  Terran Vehicle And Ship Armor Level 2  
  112  14:59  Supply Depot  
  112  15:18  Battlecruiser  
  118  15:29  Refinery  
  119  15:35  SCV  
  119  15:47  SCV  
  120  15:54  Refinery  
  120  15:55  SCV  
  121  15:59  SCV  
  122  16:07  SCV  
  123  16:12  SCV  
  123  16:13  Refinery  
  124  16:19  SCV  
  124  16:23  Battlecruiser x2  
  124  16:24  SCV  
  138  17:02  Terran Ship Weapons Level 3  
  138  17:27  Battlecruiser x2  
  150  17:45  Thor  
  150  17:47  Thor  
  162  18:07  Supply Depot  
  162  18:20  Supply Depot  
  157  18:28  Thor  
  157  18:30  Thor  
  169  18:59  Refinery  
  169  19:12  SCV  
  171  19:24  SCV  
  171  19:36  SCV  
  172  19:39  Terran Vehicle Weapons Level 1  
  172  19:42  Supply Depot  
  172  19:48  SCV  
  172  19:50  Supply Depot  
  173  20:00  SCV  
  174  20:47  Battlecruiser  
  174  20:48  Battlecruiser  
  183  21:33  Terran Vehicle And Ship Armor Level 3  
  183  21:41  Refinery  
  183  21:52  Battlecruiser x2  
  183  22:56  Battlecruiser  
  183  22:57  Battlecruiser  
  134  24:00  Battlecruiser  
  134  24:01  Battlecruiser  
  146  25:04  Battlecruiser  
  146  25:05  Battlecruiser  
  158  25:11  Thor x2  
  170  25:54  Thor  
  176  26:09  Battlecruiser x2  
  188  27:13  Battlecruiser x2  
Show
View Real Time Build Order
Export as new Build Order

wasp Protoss - Winner!

Build Orders:  

Get SALT Encoding   

  12  0:12  Pylon  
  12  0:27  Pylon  
  12  0:44  Gateway  
  12  0:52  Forge  
  12  0:56  Probe  
  13  1:08  Probe  
  14  1:43  Pylon  
  14  1:49  Pylon  
  14  2:07  Photon Cannon  
  14  2:10  Photon Cannon  
  14  2:18  Photon Cannon  
  14  2:26  Photon Cannon  
  14  2:30  Photon Cannon  
  14  2:48  Pylon  
  14  2:57  Photon Cannon  
  14  3:04  Photon Cannon  
  14  3:09  Photon Cannon  
  14  3:14  Photon Cannon  
  14  3:33  Photon Cannon  
  14  3:44  Photon Cannon  
  14  3:52  Photon Cannon  
  14  4:19  Photon Cannon  
  14  4:22  Photon Cannon  
  14  4:27  Photon Cannon  
  14  4:30  Zealot  
  16  4:48  Assimilator  
  16  4:55  Assimilator  
  16  4:58  Zealot  
  18  5:08  Photon Cannon  
  18  5:40  Photon Cannon  
  18  5:45  Photon Cannon  
  18  6:02  Photon Cannon  
  18  6:26  Photon Cannon  
  18  6:32  Photon Cannon  
  18  6:41  Photon Cannon  
  18  6:46  Photon Cannon  
  18  6:55  Photon Cannon  
  18  7:26  Cybernetics Core  
  18  8:02  Probe  
  19  8:10  Photon Cannon  
  19  8:14  Probe  
  19  8:17  Photon Cannon  
  20  8:20  Photon Cannon  
  20  8:27  Probe  
  21  8:39  Probe  
  22  8:42  Stalker  
  24  8:51  Probe  
  25  9:12  Adept  
  25  9:15  Pylon  
  27  9:31  Stargate  
  27  9:42  Zealot  
  29  10:09  Stalker  
  31  10:49  Void Ray  
  35  11:07  Fleet Beacon  
  35  11:18  Stalker  
  37  11:25  Warp Gate  
  37  11:32  Void Ray  
  41  11:42  Protoss Ground Armor Level 1  
  41  12:51  Nexus  
  41  12:56  Assimilator  
  41  13:01  Assimilator  
  41  13:13  Tempest  
  42  14:11  Tempest  
  47  14:54  Tempest  
  52  15:09  Probe  
  53  15:21  Probe  
  54  15:33  Probe  
  55  15:37  Tempest  
  60  15:45  Probe  
  61  15:50  Mothership  
  69  16:05  Adept  
  57  18:30  Carrier  
  63  19:34  Carrier  
  69  20:38  Carrier  
  73  21:51  Carrier  
  37  23:07  Adept  
  39  23:21  Anion Pulse-Crystals  
  39  23:29  Phoenix, Protoss Ground Weapons Level 1  
  41  23:39  Protoss Air Weapons Level 1  
  41  23:54  Oracle  
  44  24:25  Flux Vanes  
  44  24:31  Oracle  
  51  25:14  Void Ray  
  47  25:38  Protoss Shields Level 1  
  47  25:48  Protoss Air Armor Level 1  
  48  26:48  Void Ray  
  48  26:54  Sentry  
  51  27:31  Void Ray  
  55  28:14  Void Ray  
Show
View Real Time Build Order
Export as new Build Order

larsgj Terran - Winner!

Build Orders:  

Get SALT Encoding   

  12  0:01  SCV  
  13  0:13  SCV  
  14  0:19  Supply Depot  
  14  0:34  SCV  
  15  0:42  Barracks  
  15  0:46  SCV  
  16  0:59  SCV  
  16  1:01  Supply Depot  
  17  1:11  SCV  
  18  1:13  Refinery  
  18  1:17  Refinery  
  18  1:23  SCV  
  19  1:26  Supply Depot  
  19  1:30  Marine  
  20  1:37  Barracks  
  20  1:44  SCV  
  21  1:48  Marine  
  22  2:06  Marine  
  23  2:10  SCV  
  24  2:24  Marine  
  25  2:31  Supply Depot  
  25  2:33  SCV  
  25  2:36  Marine  
  27  2:41  Marine  
  28  2:45  SCV  
  29  2:54  Marine  
  29  2:56  Supply Depot  
  30  2:59  Marine  
  31  3:12  Marine  
  32  3:17  Marine  
  32  3:18  Engineering Bay  
  33  3:21  Bunker  
  33  3:35  Marine  
  34  3:53  Marine  
  35  4:06  Bunker  
  35  4:12  Barracks Tech Lab  
  35  4:14  Terran Infantry Weapons Level 1  
  35  4:25  SCV  
  36  4:33  Combat Shield  
  36  4:36  Factory  
  36  4:37  SCV  
  37  4:47  Supply Depot  
  37  4:49  SCV  
  38  5:01  SCV  
  39  5:11  Supply Depot  
  39  5:13  SCV  
  40  5:37  Missile Turret  
  40  5:38  Armory  
  40  5:48  Marine x2  
  41  5:52  Stimpack  
  41  5:58  Missile Turret  
  41  6:09  Terran Infantry Armor Level 1  
  41  6:19  Missile Turret  
  41  6:21  Marauder  
  42  6:36  Starport  
  42  6:41  Missile Turret  
  42  6:43  Marauder  
  44  7:02  Missile Turret  
  44  7:04  Marauder, Command Center  
  46  7:13  Starport  
  46  7:15  Barracks Tech Lab  
  46  7:26  Fusion Core, Marauder  
  48  7:47  Marauder  
  48  7:50  Marine  
  51  8:03  Neosteel Armor  
  51  8:08  Marine, Marauder  
  54  8:15  Starport Tech Lab, Supply Depot  
  54  8:16  Starport Tech Lab  
  54  8:26  Marauder  
  56  8:29  Marine  
  57  8:38  Supply Depot  
  57  8:47  Marauder, Medivac  
  61  9:00  Supply Depot  
  61  9:23  Supply Depot  
  61  9:37  Bunker  
  61  9:43  Hi-Sec Auto Tracking  
  59  9:46  Supply Depot  
  59  9:57  Medivac x2  
  63  10:01  Marine  
  63  10:02  Marauder  
  63  10:06  SCV  
  67  10:08  Supply Depot  
  67  10:09  Bunker  
  67  10:18  SCV  
  67  10:19  Marine  
  69  10:23  Marauder  
  67  10:30  Supply Depot  
  65  10:37  Marine  
  65  10:45  Marauder  
  67  11:08  Battlecruiser  
  73  11:14  Battlecruiser  
  79  11:24  Refinery  
  79  11:28  Refinery  
  79  11:36  Orbital Command  
  79  11:45  Orbital Command  
  79  12:00  Terran Ship Weapons Level 1  
  79  12:05  Weapon Refit  
  79  12:14  SCV  
  80  12:26  SCV  
  81  12:39  SCV  
  82  12:48  Battlecruiser  
  88  12:59  Battlecruiser  
  94  13:20  Command Center  
  94  13:39  Command Center  
  94  13:54  Terran Vehicle And Ship Armor Level 1  
  83  14:40  Battlecruiser  
  83  14:41  Battlecruiser  
  83  14:45  Orbital Command  
  95  14:52  Supply Depot  
  95  15:14  Supply Depot  
  95  15:37  Supply Depot  
  95  15:45  Battlecruiser  
  101  16:05  Battlecruiser  
  101  16:27  SCV  
  102  16:39  SCV  
  103  16:49  Battlecruiser  
  107  17:09  Battlecruiser  
  113  17:51  Terran Vehicle And Ship Armor Level 2  
  113  17:53  Battlecruiser  
  116  18:49  Battlecruiser  
  122  20:07  Terran Ship Weapons Level 2  
  120  21:17  Battlecruiser  
  120  21:18  Battlecruiser  
  60  22:22  Battlecruiser  
  64  22:44  Battlecruiser  
  70  23:47  Battlecruiser  
  76  24:44  Battlecruiser  
  82  26:14  Battlecruiser  
Tags
 
Add a new tag
Caveats
  • Supply blocks, unpowered buildings, or Contaminate may cause inaccurate times.
  • Supply counts are checked every 10 seconds.